Map: Pylon LE

Players

Serral - Winner!

  • Race: Zerg Zerg
  • Spawn Location: 5:00

Reynor

  • Race: Zerg Zerg
  • Spawn Location: 11:00

Event: Esports World Cup 2025

VOD

Have the link to the VOD?

Description

Time

  • Played on: July 24, 2025, 7:41 a.m.
  • Length: 8:04

All games in this series

Show
View Real Time Build Order
Export as new Build Order

Serral Zerg - Winner!

Build Orders: Hatch First 

Get SALT Encoding   

  12  0:00  Drone  
  13  0:07  Drone  
  13  0:14  Drone, Extractor  
  15  0:21  Overlord  
  15  0:40  Drone  
  16  0:45  Hatchery  
  16  0:48  Drone  
  16  0:51  Drone  
  16  0:56  Drone  
  18  1:05  Extractor  
  18  1:10  Spawning Pool  
  16  1:13  Drone  
  16  1:17  Drone  
  18  1:26  Drone  
  19  1:37  Drone  
  20  1:47  Drone  
  21  1:57  Queen x2  
  21  1:58  Zergling x2, Overlord  
  26  2:07  Drone  
  27  2:09  Drone  
  27  2:10  Metabolic Boost  
  28  2:18  Drone  
  28  2:20  Drone  
  30  2:32  Hatchery  
  30  2:33  Drone  
  30  2:37  Drone  
  30  2:43  Overlord  
  30  2:44  Drone  
  32  2:53  Drone x2  
  32  2:54  Queen  
  36  3:03  Drone  
  37  3:05  Zergling x2  
  37  3:06  Zergling x4  
  37  3:08  Zergling x2  
  37  3:09  Overlord  
  37  3:11  Drone  
  42  3:13  Drone  
  42  3:17  Drone  
  44  3:22  Roach Warren  
  44  3:24  Drone  
  44  3:30  Zergling x4  
  46  3:37  Zergling x8  
  46  3:38  Evolution Chamber  
  49  3:42  Zergling x6  
  49  3:48  Zergling x4  
  51  3:58  Queen  
  51  4:02  Roach x2  
  45  4:06  Roach  
  45  4:08  Roach x2  
  51  4:12  Roach  
  51  4:14  Roach  
  50  4:18  Zergling x4  
  50  4:22  Roach x2  
  56  4:25  Roach  
  58  4:33  Extractor  
  58  4:37  Zergling x2  
  58  4:38  Queen  
  58  4:42  Zergling x2, Roach  
  58  4:43  Roach  
  58  4:49  Roach  
  54  4:53  Zergling x2  
  54  4:54  Zergling x4  
  54  4:59  Zergling x2, Roach  
  58  5:07  Overlord  
  58  5:10  Overlord  
  57  5:14  Queen  
  57  5:20  Overlord  
  57  5:21  Overlord  
  56  5:22  Overlord  
  56  5:30  Roach x2  
  60  5:39  Roach x3  
  66  5:45  Roach  
  66  5:46  Roach  
  66  5:49  Roach  
  70  5:55  Baneling Nest  
  69  5:58  Roach  
  71  6:11  Roach x2  
  71  6:14  Roach x2  
  77  6:24  Roach  
  77  6:25  Roach x3  
  85  6:26  Zergling x2  
  85  6:30  Zergling x4  
  88  6:34  Zergling x6  
  88  6:38  Zergling x2  
  88  6:39  Baneling  
  89  6:43  Zergling x4  
  89  6:46  Baneling x2  
  91  6:49  Baneling x2  
  91  6:55  Baneling  
  91  6:56  Baneling  
  91  6:57  Zergling x8  
  95  7:03  Zergling x4  
  97  7:11  Overlord  
  97  7:12  Overlord  
  97  7:16  Baneling x4  
  97  7:32  Zergling x16  
  105  7:41  Zergling x8  
Show
View Real Time Build Order
Export as new Build Order

Reynor Zerg 

Build Orders: Hatch First, Zergling Baneling 

Get SALT Encoding   

  12  0:00  Drone  
  13  0:07  Drone  
  14  0:14  Extractor  
  14  0:15  Drone  
  14  0:21  Overlord  
  15  0:39  Drone  
  16  0:45  Hatchery  
  16  0:48  Drone  
  16  0:52  Drone  
  17  0:57  Drone  
  18  1:07  Extractor  
  18  1:11  Spawning Pool  
  16  1:14  Drone  
  16  1:17  Drone  
  18  1:26  Drone  
  19  1:37  Drone  
  20  1:48  Drone  
  21  1:57  Drone  
  21  1:58  Queen x2  
  21  1:59  Zergling x2  
  27  2:07  Overlord  
  27  2:09  Drone  
  27  2:10  Metabolic Boost  
  28  2:26  Zergling x2  
  28  2:28  Drone  
  30  2:31  Zergling x2  
  30  2:36  Zergling x2  
  32  2:38  Baneling Nest  
  32  2:40  Overlord  
  31  2:49  Zergling x2  
  32  2:54  Zergling x2  
  32  2:55  Zergling x2  
  34  3:00  Evolution Chamber  
  34  3:02  Zergling x2  
  34  3:03  Zergling x2  
  35  3:06  Zergling x6  
  35  3:07  Zergling x6  
  41  3:16  Overlord  
  41  3:18  Zergling x2  
  42  3:26  Zergling x2  
  44  3:28  Overlord  
  44  3:36  Baneling x4  
  44  3:37  Baneling x3  
  44  3:38  Zergling x4  
  44  3:40  Zergling x6  
  46  3:49  Zergling x2  
  46  3:51  Zergling x2  
  45  3:55  Zergling x4  
  45  3:56  Zergling x2  
  45  4:01  Zergling x2  
  43  4:05  Zergling x2  
  42  4:12  Zergling x2  
  42  4:14  Zergling x2  
  40  4:18  Baneling x4  
  40  4:20  Zergling x6  
  40  4:22  Zergling x4  
  46  4:24  Zergling x2  
  46  4:26  Zergling x2  
  46  4:29  Zergling x2  
  46  4:31  Baneling  
  47  4:35  Zergling x2  
  47  4:39  Zergling x2  
  43  4:46  Zergling x2  
  43  4:47  Zergling x2  
  43  4:48  Zergling x4  
  43  4:50  Zergling x4  
  45  4:54  Zergling x4  
  45  4:59  Zergling x2  
  44  5:05  Zergling x2  
  45  5:13  Zergling x2  
  45  5:14  Zergling x2  
  47  5:16  Zergling x4  
  47  5:17  Zergling x2  
  44  5:25  Zergling x4  
  44  5:26  Drone  
  44  5:28  Drone  
  48  5:31  Drone x2  
  48  5:34  Evolution Chamber  
  48  5:41  Drone  
  49  5:44  Drone  
  49  5:46  Baneling x2  
  49  5:52  Drone  
  49  5:53  Drone  
  49  5:54  Drone  
  49  5:55  Drone x3  
  55  6:01  Zerg Ground Armor Level 1  
  55  6:06  Overlord  
  55  6:09  Drone  
  55  6:10  Drone  
  57  6:14  Drone  
  57  6:22  Zergling x4  
  59  6:29  Drone x3, Hatchery  
  61  6:36  Roach Warren  
  61  6:37  Drone  
  61  6:39  Extractor  
  59  6:42  Drone  
  59  6:45  Overlord  
  60  6:52  Drone x4  
  64  6:54  Extractor  
  64  6:55  Overlord  
  64  6:58  Zergling x6  
  64  7:00  Zergling x2  
  67  7:08  Spine Crawler  
  67  7:10  Spine Crawler  
  66  7:16  Roach x3  
  66  7:18  Baneling x3  
  66  7:21  Roach x3  
  78  7:24  Overlord  
  78  7:30  Roach  
  78  7:34  Zergling x8  
  66  7:44  Roach  
Tags
 
Add a new tag
Caveats
  • Supply blocks, unpowered buildings, or Contaminate may cause inaccurate times.
  • Supply counts are checked every 10 seconds.